 Dungeon Crawl Stone Soup version 0.24-a0-347-g1a3e1d35ff (webtiles) character file.

Game seed: 2833741775930911203

504 Geomchi the Changer (level 7, 0/54 HPs)
             Began as a Merfolk Transmuter on May 23, 2019.
             Was an Initiate of Gozag.
             Slain by Duvessa
             ... wielding a +0 rapier
              (9 damage)
             ... on level 6 of the Dungeon.
             The game lasted 00:07:05 (6210 turns).

Geomchi the Changer (Merfolk Transmuter)            Turns: 6210, Time: 00:07:06

Health: 0/54       AC:  2    Str: 10    XL:     7   Next: 17%
Magic:  8/10       EV: 26    Int: 15    God:    Gozag
Gold:   217        SH:  0    Dex: 28    Spells: 2/10 levels left

rFire    . . .     SeeInvis .     - Unarmed
rCold    . . .     Gourm    .   (shield currently unavailable)
rNeg     . . .     Faith    .   (armour currently unavailable)
rPois    x         Spirit   .   (helmet currently unavailable)
rElec    .         Reflect  .   (cloak currently unavailable)
rCorr    .         Harm     .   (gloves currently unavailable)
MR       +....                  (boots currently unavailable)
Stlth    +++.......             (no amulet)
HPRegen  0.18/turn              i - +4 ring of dexterity
MPRegen  0.12/turn              C - ring of protection from magic

@: agile, spider-form (expiring), gold aura
A: tiny, (change form in water), (swift swim), (stealthy swim)
a: End Transformation, Potion Petition, Call Merchant, Bribe Branch, Renounce
Religion


You were on level 6 of the Dungeon.
You worshipped Gozag.
Gozag was aware of your devotion.
You were not hungry.
You were a venomous arachnid creature.
You visited 2 branches of the dungeon, and saw 7 of its levels.

You collected 286 gold pieces.
You paid 69 gold pieces to Gozag.

Inventory:

Missiles
 a - 76 arrows
Armour
 f - a +0 pair of gloves (melded)
 u - a +2 robe of magic resistance (melded)
 v - a +0 cloak (melded)
 z - a +0 helmet
Jewellery
 i - a +4 ring of dexterity (left front leg)
 C - a ring of protection from magic (right front leg)
Wands
 x - a wand of random effects (10)
Scrolls
 b - 2 scrolls of fear {unknown}
 g - 4 scrolls of remove curse {unknown}
 h - 4 scrolls of magic mapping {unknown}
 l - 3 scrolls of amnesia {unknown}
 m - 5 scrolls of teleportation {unknown}
 o - 3 scrolls of identify {unknown}
 r - 2 scrolls of noise {unknown}
 s - 2 scrolls of enchant weapon {unknown}
 w - a scroll of blinking {unknown}
 y - a scroll of enchant armour {unknown}
 A - a scroll of acquirement {unknown}
Potions
 c - 4 potions of curing
 e - a potion of might {unknown}
 j - a potion of agility
 k - 2 potions of heal wounds {unknown}
 n - a potion of magic {unknown}
 p - a potion of invisibility {unknown}
 q - 2 potions of flight {unknown}
 t - 2 potions of haste {unknown}
 B - a potion of cancellation {unknown}
 D - a potion of brilliance {unknown}
Comestibles
 d - 6 rations


   Skills:
 + Level 4.2 Fighting
 - Level 2.6 Dodging
 + Level 5.3 Unarmed Combat
 + Level 2.2 Spellcasting
 + Level 5.8 Transmutations
 + Level 2.5 Ice Magic


You had 2 spell levels left.
You knew the following spells:

 Your Spells              Type           Power        Failure   Level  Hunger
a - Beastly Appendage     Tmut           ###...       8%          1    #......
b - Spider Form           Tmut/Pois      ##........   41%         3    ###....
c - Ice Form              Ice/Tmut       ##......     58%         4    #####..

Your spell library contained the following spells:

 Spells                   Type           Power        Failure   Level  Hunger
 Sticks to Snakes         Tmut           ###.....     11%         2    ###....
 Ensorcelled Hibernation  Hex/Ice        #.....       41%         2    ###....
 Corona                   Hex            #......      43%         1    #......
 Blade Hands              Tmut           ###.......   71%         5    ######.
 Confuse                  Hex            #.......     75%         3    ###....
 Dazzling Spray           Conj/Hex       #.....       75%         3    ###....
 Tukima's Dance           Hex            #.......     75%         3    ###....


Dungeon Overview and Level Annotations

Branches:
Dungeon (6/15)             Temple (1/1) D:5

Altars:
Elyvilon
Fedhas
Gozag
Hepliaklqana
Kikubaaqudgha
Nemelex Xobeh
Okawaru
Qazlal
Ru
Uskayaw
Vehumet
Wu Jian
Xom
Zin
The Shining One

Annotations:
D:3 Robin
D:6 Duvessa


Message History

You hit Duvessa.
Duvessa is poisoned.
Duvessa hits you with a +0 rapier!
You take 15 damage, and have 20/54 hp.
MASSIVE DAMAGE!!
You hit Duvessa. Duvessa closely misses you.
You hit Duvessa. Duvessa barely misses you. Duvessa hits you with a +0 rapier.
* * * LOW HITPOINT WARNING * * *
You take 5 damage, and have 16/54 hp.
You are too injured to fight recklessly!
You are too injured to fight recklessly!
You are too injured to fight recklessly!
You are too injured to fight recklessly!
It was a potion of curing.
You feel better.
You hear the brisk rusting of a very distant drain.
Duvessa hits you with a +0 rapier!
* * * LOW HITPOINT WARNING * * *
You take 7 damage, and have 9/54 hp.
It was a potion of agility.
You feel agile all of a sudden. Duvessa hits you with a +0 rapier!
You die...
Your body crumbles into a pile of gold.

#............. .....$.
#............. .......
#....######### .......
#....# ....... ####.#
....... #.# .......
#.#########
.......#######.#........
......$s.......##.######
......e##########.#.....
....... #.#.#### #######
#.#.#### #.#...<#
#.###### #.......
########


You could see Duvessa (berserk).

Vanquished Creatures
  A scorpion (D:5)
  Dowan (D:6)
  A howler monkey (D:6)
  A crimson imp (D:6)
  A jelly (D:5)
  Crazy Yiuf (D:4)
  Jessica (D:3)
  Ijyb (D:5)
  3 worker ants
  A worker ant zombie (D:5)
  3 gnolls (D:3)
  2 adders
  An ooze (D:3)
  An adder skeleton (D:6)
  2 dart slugs (D:2)
  5 leopard geckos
  5 orcs
  3 bat zombies (D:5)
  2 giant cockroaches (D:1)
  8 hobgoblins
  6 jackals (D:1)
  3 quokkas
  A ball python (D:6)
  5 bats
  4 frilled lizards
  8 goblins
  6 kobolds
  A leopard gecko skeleton (D:5)
  5 rats
  2 rat zombies (D:5)
85 creatures vanquished.

Notes
Turn   | Place    | Note
-------+----------+-------------------------------------------
     0 | D:1      | Geomchi the Merfolk Transmuter began the quest for the Orb.
     0 | D:1      | Reached XP level 1. HP: 15/15 MP: 3/3
   182 | D:1      | Reached XP level 2. HP: 21/21 MP: 3/5
   737 | D:1      | Reached XP level 3. HP: 26/27 MP: 6/6
   757 | D:1      | Learned a level 3 spell: Spider Form
  1274 | D:2      | Noticed a +0 hand axe
  1274 | D:2      | Noticed a +0 dagger
  1282 | D:2      | Found a hide-covered altar of Uskayaw.
  1592 | D:2      | You fall into a shaft and drop 1 floor!
  2420 | D:3      | Reached XP level 4. HP: 30/34 MP: 7/7
  2451 | D:3      | Noticed Robin
  2654 | D:3      | Noticed Jessica
  2920 | D:3      | Killed Jessica
  3276 | D:3      | Reached XP level 5. HP: 22/41 MP: 4/8
  3454 | D:3      | Learned a level 4 spell: Ice Form
  4015 | D:4      | Got a polished hunting sling
  4016 | D:4      | Identified the +2 hunting sling of the Abyss {venom, MP+9}
                  | (You found it on level 4 of the Dungeon)
  4610 | D:4      | Found a runed translucent door.
  4611 | D:4      | Noticed Crazy Yiuf
  4664 | D:4      | Killed Crazy Yiuf
  4664 | D:4      | Reached skill level 1 in Ice Magic
  4993 | D:5      | Entered Level 5 of the Dungeon
  4999 | D:5      | Reached skill level 5 in Transmutations
  4999 | D:5      | Reached XP level 6. HP: 37/47 MP: 5/9
  5075 | D:5      | Noticed Ijyb
  5085 | D:5      | Killed Ijyb
  5312 | D:5      | Reached skill level 5 in Unarmed Combat
  5464 | D:5      | Found an ancient bone altar of Kikubaaqudgha.
  5860 | D:5      | Found a staircase to the Ecumenical Temple.
  5869 | Temple   | Entered the Ecumenical Temple
  5920 | Temple   | Became a worshipper of Gozag Ym Sagoz the Greedy
  6100 | D:6      | Reached XP level 7. HP: 49/54 MP: 10/10
  6195 | D:6      | Noticed Duvessa
  6195 | D:6      | Noticed Dowan
  6204 | D:6      | Killed Dowan
  6210 | D:6      | Slain by Duvessa

Levels and vault maps discovered:
D:1:      mrwooster_arrival_statue_2, layout_basic, serial_bayou_crossing
D:2:      layout_basic, dancing_weapons_uskayaw, serial_forest,
          infiniplex_forest_clump_medium, infiniplex_forest_straight_2,
          infiniplex_forest_lined_room_, infiniplex_forest_clump_C,
          infiniplex_forest_end_2, infiniplex_forest_join,
          infiniplex_forest_lined_corner
D:3:      layout_basic, uniq_jessica, uniq_robin
D:4:      layout_basic, kennysheep_crisscross, uniq_crazy_yiuf_cottage
D:5:      layout_rooms, lemuel_zombie_altar_kikubaaqudgha,
          minmay_temple_entry_glassed_door, first_ration, uniq_ijyb
D:6:      layout_basic, ashenzari_altar_1, portal_sewer_entry_b, uniq_duvessa
Temple:   cyrus_circular_temple

Skill      XL: |  1  2  3  4  5  6 |
---------------+-------------------+-----
Transmutations | 3 4 5 |  5.8
Fighting       | 2 3 4 |  4.2
Unarmed Combat | 4 5 |  5.3
Ice Magic      | 1 2 |  2.5
Dodging        | |  2.6
Spellcasting   | |  2.2

Action                   |  1- 3 |  4- 6 |  7- 9 || total
-------------------------+-------+-------+-------++-------
Melee: Unarmed           |   116 |   182 |    14 ||   312
       Headbutt          |    10 |    10 |     1 ||    21
       Punch             |     2 |     1 |       ||     3
 Cast: Beastly Appendage |    23 |     7 |     1 ||    31
       Spider Form       |     1 |    13 |     1 ||    15
  Use: Potion            |       |       |     2 ||     2
 Stab: Sleeping          |     1 |     1 |       ||     2
  Eat: Chunk             |     4 |     5 |       ||     9
       Ration            |       |     3 |       ||     3
Armor: Robe              |    27 |    25 |       ||    52
       Skin              |     1 |     4 |     1 ||     6
Dodge: Dodged            |    92 |   127 |    14 ||   233

Table legend:
 A = Non-vault XP
 B = Vault XP
 C = Vault XP percentage of total XP
 D = Non-vault monster count
 E = Vault monster count
 F = Vault count percentage of total count
                 A         B        C        D         E       F
            +---------+---------+-------+---------+---------+-------
      Total |     525 |     195 |  27.1 |      73 |      12 |  14.1
            +---------+---------+-------+---------+---------+-------
        D:1 |      40 |       0 |   0.0 |      22 |       0 |   0.0
        D:2 |      43 |       2 |   4.4 |      15 |       1 |   6.2
        D:3 |      77 |      41 |  34.7 |      18 |       3 |  14.3
        D:4 |      48 |      41 |  46.1 |       3 |       1 |  25.0
        D:5 |     208 |      44 |  17.5 |      10 |       6 |  37.5
        D:6 |     109 |      67 |  38.1 |       5 |       1 |  16.7
            +---------+---------+-------+---------+---------+-------
